 Dungeon Crawl Stone Soup version 0.30.0-5-g1a98f26d00 (webtiles) character file.

Game seed: 12515337809498151479

199 SnakkuSnakku7 the Insei (level 5, -1/28 HPs)
             Began as a Vine Stalker Fire Elementalist on May 13, 2023.
             Slain by an orc priest
             ... wielding a +0 flail
              (5 damage)
             ... on level 4 of the Dungeon.
             The game lasted 00:04:04 (2554 turns).

SnakkuSnakku7 the Insei (VSFE)                      Turns: 2554, Time: 00:04:05

Health: -1/28      AC:  7    Str: 13    XL:     5   Next: 77%
Magic:  0/9        EV: 16    Int: 15    God:
Gold:   181        SH:  0    Dex: 16    Spells: 7/8 levels left

rFire   + .          .
                       - Unarmed
rCold   + + +        (no shield)
rNeg    . . .        p - +1 leather armour {Will+}
rPois   .            s - +0 helmet
rElec   .            l - +1 cloak of Naedaun {Harm Drain rC+++ Dex+2}
rCorr   .            (no gloves)
SInv    .            (no boots)
Will    +....        (no amulet)
Stlth   ++           v - +5 ring of evasion
HPRegen 1.04/turn    t - ring of protection from fire
MPRegen 0.11/turn

%: harm (+30% outgoing, +20% incoming), guardian spirit
@: no status effects
A: fangs 2, regeneration 1, magic shield, antimagic bite, no potion heal 2
a: no special abilities


You were on level 4 of the Dungeon.
You visited 1 branch of the dungeon, and saw 4 of its levels.

You collected 181 gold pieces.

Inventory:

Armour
 a - a +0 robe
 c - a +0 ring mail
 l - the +1 cloak of Naedaun (worn) {Harm Drain rC+++ Dex+2}
   (You found it on level 2 of the Dungeon)

   Dex:       It affects your dexterity (+2).
   rC:        It renders you almost immune to cold.
   Drain:     It drains your maximum health when unequipped.
   Harm:      It increases damage dealt and taken.
 p - a +1 leather armour of willpower (worn)
 s - a +0 helmet (worn)
Jewellery
 t - a ring of protection from fire (right hand)
 v - a +5 ring of evasion (left hand)
Scrolls
 d - 2 scrolls of teleportation {unknown}
 e - 7 scrolls of identify {unknown}
 j - a scroll of enchant weapon {unknown}
 o - a scroll of amnesia {unknown}
 q - a scroll of fear {unknown}
 w - a scroll of noise {unknown}
Potions
 b - 2 potions of magic
 f - 5 potions of curing {unknown}
 g - a potion of flight {unknown}
 h - a potion of invisibility {unknown}
 i - a potion of mutation {unknown}
 k - 2 potions of lignification {unknown}
 m - a potion of heal wounds {unknown}
 n - a potion of attraction {unknown}
 r - a potion of might {unknown}
 u - a potion of degeneration {unknown}


   Skills:
 + Level 3.3 Fighting
 - Level 1.5 Dodging
 - Level 2.4 Stealth
 + Level 3.6 Unarmed Combat
 - Level 2.1 Spellcasting
 - Level 1.0 Conjurations
 - Level 3.0 Fire Magic


You had 7 spell levels left.
You knew the following spells:

 Your Spells              Type           Power      Damage    Failure   Level
a - Foxfire               Conj/Fire      28%        2x1d5     12%         1

Your spell library contained the following spells:

 Spells                   Type           Power      Damage    Failure   Level
 Scorch                   Fire           20%        2d6       12%         2
 Magic Dart               Conj           16%        1d3       19%         1
 Static Discharge         Conj/Air       6%         2-3/arc   34%         2
 Call Imp                 Summ           2%         N/A       38%         2
 Inner Flame              Hex/Fire       6%         N/A       41%         3
 Volatile Blastmotes      Fire/Tloc      12%        2d11      41%         3
 Mephitic Cloud           Conj/Pois/Air  2%         N/A       58%         3
 Flame Wave               Conj/Fire      7%         2d5       77%         4
 Airstrike                Air            0%         2d(1-17)  95%         4
 Animate Dead             Necr           1%         N/A       95%         4
 Summon Lightning Spire   Summ/Air       1%         N/A       95%         4
 Haunt                    Necr/Summ      0%         N/A       100%        7
 Infestation              Necr           0%         N/A       100%        8


Dungeon Overview and Level Annotations

Branches:
Dungeon (4/15)
 Temple: D:4-7

Altars:
Dithmenos


Innate Abilities, Weirdness & Mutations

You have extremely sharp teeth.
Your natural rate of healing is unusually fast.
When hurt, damage is shared between your health and your magic reserves.
Your bite disrupts and absorbs the magic of your enemies.
Potions cannot restore your health.


Message History

The orc priest barely misses you.
You hit the orc priest.
You bite the orc priest, but do no damage.
The orc priest is moderately wounded.
The orc priest closely misses you.
You hit the orc priest but do no damage.
You bite the orc priest, but do no damage.
The orc priest is moderately wounded.
The orc priest hits you with a +0 flail.
* * * LOW HITPOINT WARNING * * *
You barely miss the orc priest.
The orc priest is moderately wounded.
You barely miss the orc priest.
The orc priest is moderately wounded.
The orc priest hits you but does no damage.
You closely miss the orc priest. Your bite misses the orc priest.
The orc priest is moderately wounded.
The orc priest barely misses you.
You hit the orc priest.
The orc priest is heavily wounded.
The orc priest closely misses you.
You closely miss the orc priest.
The orc priest is heavily wounded.
The orc priest looks encouraged for a moment.
You hit the orc priest but do no damage.
The orc priest is heavily wounded.
The orc priest calls down the wrath of Beogh upon you.
Beogh smites you!
* * * LOW HITPOINT WARNING * * *
You hit the orc priest but do no damage.
The orc priest is heavily wounded.
The orc priest hits you but does no damage.
You closely miss the orc priest.
The orc priest is heavily wounded.
The orc priest hits you with a +0 flail.
* * * LOW HITPOINT WARNING * * *
You hit the orc priest but do no damage.
The orc priest is heavily wounded.
The orc priest hits you with a +0 flail.
You die...

....##..###..#.......#
... ##....(###.....## .
.. ###..$(...#..###..#
.. ..........Jo...# .
.....####..o.o#......
.... .##Jo.## .......
.....###.#)####.....:...
#...<.o.#.........#o...
#..@...##..#..## .#
#........# ..# #
#####.....?.... ...
#####....... ###
.......# .....#....###
.....###..... ##### ....
####


You could see an orc priest.

Vanquished Creatures
  A hound (D:4)
  A jelly (D:3)
  4 adders
  A worm (D:2)
  3 dart slugs
  5 orcs
  4 bats
  4 endoplasms (D:1)
  4 giant cockroaches
  6 goblins
  6 hobgoblins
  7 jackals
  9 kobolds
  5 quokkas
  13 ball pythons
  5 frilled lizards
  7 rats
85 creatures vanquished.

Vanquished Creatures (others)
  6 foxfires (D:2)
6 creatures vanquished.

Grand Total: 91 creatures vanquished

Notes
Turn   | Place    | Note
-------+----------+-------------------------------------------
     0 | D:1      | SnakkuSnakku7 the Vine Stalker Fire Elementalist began the
                  | quest for the Orb.
     0 | D:1      | Reached XP level 1. HP: 9/9 MP: 4/4
   190 | D:1      | Reached skill level 1 in Unarmed Combat
   190 | D:1      | Reached XP level 2. HP: 10/14 MP: 6/6
   198 | D:1      | Reached skill level 1 in Fighting
   661 | D:1      | Reached XP level 3. HP: 18/18 MP: 7/7
  1010 | D:2      | You fall into a shaft and drop 1 floor!
  1123 | D:2      | Found a faded altar of an unknown god.
  1135 | D:2      | Identified the +1 cloak of Naedaun {Harm Drain rC+++ Dex+2}
  1143 | D:2      | Gained mutation: Your natural rate of healing is unusually
                  | fast. [Vine Stalker growth]
  1143 | D:2      | Reached XP level 4. HP: 20/23 MP: 8/8
  1696 | D:3      | Found a shadowy altar of Dithmenos.
  2108 | D:3      | Reached XP level 5. HP: 27/27 MP: 9/9
  2554 | D:4      | Slain by an orc priest

Illustrated notes

Levels and vault maps discovered:
D:1:      beargit_arrival_diablo_church, layout_loops_corners,
          nicolae_figureground_pulse
D:2:      layout_rooms, hellmonk_ecumenical_altar_blasted
D:3:      layout_basic, grunt_dithmenos_smoke, minmay_checkerbox
D:4:      nicolae_cairo_tiling_large_dashed, layout_rooms,
          eino_small_chamber_without_monster, serial_bayou_lake_a

Skill      XL: |  1  2  3  4  5 |
---------------+----------------+-----
Unarmed Combat | 1 2 3 |  3.6
Fighting       | 1 2 3 |  3.3
Dodging        | |  1.5
Stealth        | |  2.4
Spellcasting   | |  2.1
Conjurations   | |  1.0
Fire Magic     | |  3.0

Action                     |  1- 3 |  4- 6 || total
---------------------------+-------+-------++-------
  Melee: Unarmed           |   102 |   215 ||   317
         Bite              |    32 |    50 ||    82
         Punch             |     2 |    13 ||    15
   Cast: Foxfire           |     3 |       ||     3
   Stab: Sleeping          |     1 |     5 ||     6
 Armour: Ring mail         |    41 |    60 ||   101
         Robe              |     3 |       ||     3
         Leather armour    |       |    28 ||    28
  Dodge: Dodged            |    55 |   147 ||   202
